 Dungeon Crawl Stone Soup version 0.23-a0-378-gd7a6ca6 (webtiles) character file.

154 Gergoth the Firebug (level 5, 0/28 HPs)
             Began as a Gargoyle Fire Elementalist on Oct 28, 2018.
             Slain by a killer bee (6 damage)
             ... on level 3 of the Dungeon.
             The game lasted 00:07:11 (2236 turns).

Gergoth the Firebug (Gargoyle Fire Elementalist)    Turns: 2236, Time: 00:07:11

Health: 0/28       AC:  9    Str: 13    XL:     5   Next: 36%
Magic:  5/9        EV: 10    Int: 15    God:
Gold:   20         SH:  0    Dex: 10    Spells: 2/10 levels left

rFire    . . .     SeeInvis .   s - +0 morningstar
rCold    . . .     Gourm    .   (no shield)
rNeg     + . .     Faith    .   d - +0 ring mail (curse)
rPois    ∞         Spirit   .   (no helmet)
rElec    +         Reflect  .   (no cloak)
rCorr    .         Harm     .   (no gloves)
MR       .....                  (no boots)
Stlth    +.........             (no amulet)
HPRegen  0.09/turn              (no ring)
MPRegen  0.11/turn              (no ring)

@: no status effects
A: negative energy resistance 1, electricity resistance, unbreathing,
petrification resistance, rot immunity, AC +4
a: no special abilities


You were on level 3 of the Dungeon.
You were not hungry.

You visited 1 branch of the dungeon, and saw 3 of its levels.

You collected 20 gold pieces.

Inventory:

Hand Weapons
 s - a +0 morningstar (weapon)
Armour
 a - a +0 robe
 d - a cursed +0 ring mail (worn)
Jewellery
 l - an uncursed ring of protection from cold {unknown}
 p - a cursed ring of teleportation {unknown}
Scrolls
 e - 2 scrolls of amnesia {unknown}
 f - a scroll of identify {unknown}
 g - a scroll of enchant armour {unknown}
 j - a scroll of remove curse {unknown}
 k - a scroll of magic mapping {unknown}
 n - a scroll of fear {unknown}
 q - a scroll of teleportation {unknown}
Potions
 b - 2 potions of haste {unknown}
 h - a potion of cancellation {unknown}
 i - a potion of agility {unknown}
 m - 2 potions of heal wounds {unknown}
 r - a potion of ambrosia {unknown}
Comestibles
 c - a ration
 o - 6 chunks of flesh


   Skills:
 - Level 1.5 Dodging
 - Level 2.1 Stealth
 + Level 3.2 Spellcasting
 + Level 3.2 Conjurations
 + Level 4.1 Fire Magic


You had 2 spell levels left.
You knew the following spells:

 Your Spells              Type           Power        Failure   Level  Hunger
a - Flame Tongue          Conj/Fire      ##...        10%         1    #......
b - Conjure Flame         Conj/Fire      ##......     28%         3    ###....
c - Sticky Flame          Conj/Fire      ##......     67%         4    #####..

Your spell library contained the following spells:

 Spells                   Type           Power        Failure   Level  Hunger
 Throw Flame              Conj/Fire      ##....       14%         2    ##.....
 Inner Flame              Hex/Fire       #.......     50%         3    ###....
 Fireball                 Conj/Fire      ##........   95%         5    ######.


Dungeon Overview and Level Annotations

Branches:
Dungeon (3/15)

Altars:
Dithmenos
Fedhas
Xom

Annotations:
D:2 Sigmund


Innate Abilities, Weirdness & Mutations

You are resistant to torment.
Your stone body is resilient. (AC +4)
You are immune to poison.
You resist negative energy. (rN+)
You are resistant to electric shocks. (rElec)
You can survive without breathing.
You are immune to petrification.
You are immune to rotting.


Message History

* * * LOW HITPOINT WARNING * * *
The killer bee stings you but does no damage. x2
The killer bee closely misses you.
Casting: Flame Tongue (safe; 10% risk of failure)
Confirm with . or Enter, or press ? or * to list all spells.
The spell is very dangerous to cast (67% risk of failure)!
Continue anyway?
Aiming: Sticky Flame (very dangerous; 67% risk of failure)
Press: ? - help, Shift-Dir - straight line, f - killer bee
Aim: a killer bee The sticky flame hits the killer bee.
The killer bee is moderately wounded.
The killer bee is covered in liquid flames!
The killer bee burns!
The killer bee stings you but does no damage. x2
Some of the chunks of flesh in your inventory have rotted away.
The killer bee burns!
The killer bee burns!
The killer bee stings you but does no damage.
The killer bee stings you.
You die...

#.. #####.#
#.....##### #.......##
###.)....###
##.##.#....# #..##.#
##.###########
#.###.####..#........#
##.#
#..@y##...)......#
#..#
####y.by#........#
##.## ####.o.K.......
#<.# ##yyS.......
#..## ##(........ #.##
########y.(.###### #.
.(.....K........ #.
.#.#.#y#.†.....## #.
.......y.##.##...


You could see 5 killer bees, an adder, an orc, a bat and a kobold.

Vanquished Creatures
  A crimson imp (D:3)
  Natasha (D:2)
  4 adders (D:2)
  A worm (D:3)
  4 dart slugs
  A leopard gecko (D:1)
  3 orcs (D:3)
  2 ball pythons
  A bat (D:2)
  3 giant cockroaches
  4 goblins
  4 hobgoblins
  3 jackals (D:2)
  7 kobolds
  4 frilled lizards
  4 rats
47 creatures vanquished.

Notes
Turn   | Place    | Note
-------+----------+-------------------------------------------
     0 | D:1      | Gergoth the Gargoyle Fire Elementalist began the quest for
                  | the Orb.
     0 | D:1      | Reached XP level 1. HP: 10/10 MP: 3/3
   495 | D:1      | Reached XP level 2. HP: 11/15 MP: 3/5
   952 | D:1      | Reached XP level 3. HP: 18/19 MP: 1/6
  1210 | D:2      | Noticed Sigmund
  1533 | D:2      | Noticed Natasha
  1538 | D:2      | Killed Natasha
  1538 | D:2      | Reached XP level 4. HP: 19/24 MP: 1/8
  1792 | D:2      | Found a blossoming altar of Fedhas.
  1792 | D:2      | Found a shimmering altar of Xom.
  1793 | D:2      | Found a shadowy altar of Dithmenos.
  2108 | D:3      | Learned a level 3 spell: Conjure Flame
  2113 | D:3      | Learned a level 4 spell: Sticky Flame
  2143 | D:3      | Reached skill level 4 in Fire Magic
  2154 | D:3      | Reached XP level 5. HP: 28/28 MP: 1/9
  2236 | D:3      | Slain by a killer bee

Vault maps used:
D:1:      co_arrival_square_in_a_square_in_a_square
D:2:      minmay_kobold_bridge, gammafunk_temple_overflow_claw, uniq_sigmund,
          uniq_natasha
D:3:      first_ration, hex_medium, uniq_grinder

Skill      XL: |  1  2  3  4 |
---------------+-------------+-----
Conjurations   | 2 3 |  3.2
Spellcasting   | 3 |  3.2
Fire Magic     | 4 |  4.1
Dodging        | |  1.5
Stealth        | |  2.1

Action                   |  1- 3 |  4- 6 || total
-------------------------+-------+-------++-------
Melee: Unarmed           |    40 |    51 ||    91
       Morningstar       |       |    14 ||    14
 Cast: Flame Tongue      |    50 |    36 ||    86
       Sticky Flame      |       |     1 ||     1
  Eat: Chunk             |     2 |     3 ||     5
Armor: Ring mail         |    39 |    55 ||    94
Dodge: Dodged            |    71 |    77 ||   148

Table legend:
 A = Non-vault XP
 B = Vault XP
 C = Vault XP percentage of total XP
 D = Non-vault monster count
 E = Vault monster count
 F = Vault count percentage of total count
                 A         B        C        D         E       F
            +---------+---------+-------+---------+---------+-------
      Total |     183 |      38 |  17.2 |      44 |       3 |   6.4
            +---------+---------+-------+---------+---------+-------
        D:1 |      37 |       0 |   0.0 |      18 |       0 |   0.0
        D:2 |      78 |      38 |  32.8 |      18 |       3 |  14.3
        D:3 |      68 |       0 |   0.0 |       8 |       0 |   0.0
            +---------+---------+-------+---------+---------+-------
